 Dungeon Crawl Stone Soup version 0.21.1-1-g345015f (webtiles) character file.

898 vatarom the Summoner (level 8, -19/60 HPs)
             Began as a Barachi Summoner on Apr 11, 2018.
             Was an Initiate of Gozag.
             Demolished by an orc warrior
             ... wielding a +0 hand axe
              (20 damage)
             ... on level 6 of the Dungeon.
             The game lasted 00:19:36 (7067 turns).

vatarom the Summoner (Barachi Summoner)             Turns: 7067, Time: 00:19:37

Health: -19/60     AC:  4    Str: 12    XL:     8   Next: 7%
Magic:  0/15       EV: 16    Int: 15    God:    Gozag
Gold:   567        SH:  0    Dex: 13    Spells: 2/16 levels left

rFire    . . .     SeeInvis .   w - +0 spear
rCold    . . .     Gourm    .   (no shield)
rNeg     . . .     Faith    .   a - +0 robe
rPois    .         Spirit   .   x - +0 helmet (curse)
rElec    .         Reflect  .   (no cloak)
rCorr    +         Harm     .   u - +0 pair of gloves
MR       .....                  (no boots)
Stlth    ++........             (no amulet)
HPRegen  0.20/turn              e - ring of resist corrosion
MPRegen  0.14/turn              h - +4 ring of evasion

@: can't hop, invisible, slow
A: +LOS, swims, slowness 1, strong legs 1
a: Hop, Potion Petition, Call Merchant, Bribe Branch, Renounce Religion


You were on level 6 of the Dungeon.
You worshipped Gozag.
Gozag was pleased with you.
You were very hungry.

You visited 2 branches of the dungeon, and saw 7 of its levels.

You collected 612 gold pieces.
You paid 45 gold pieces to Gozag.

Inventory:

Hand Weapons
 q - a +1 dagger of venom
 w - a +0 spear (weapon)
Armour
 a - a +0 robe (worn)
 u - a +0 pair of gloves (worn)
 x - a cursed +0 helmet (worn)
 B - a +0 pair of boots
Jewellery
 e - a ring of resist corrosion (left hand)
 h - a +4 ring of evasion (right hand)
 r - an uncursed ring of ice
Wands
 v - a wand of polymorph (12)
Scrolls
 i - 2 scrolls of random uselessness
 j - a scroll of noise {unknown}
 k - a scroll of blinking
 m - 4 scrolls of teleportation
 o - a scroll of remove curse
 p - a scroll of fear {unknown}
 s - a scroll of magic mapping {unknown}
 t - a scroll of fog
 y - a scroll of immolation {unknown}
 A - a scroll of identify
Potions
 d - a potion of cancellation
 g - a potion of might
 n - 2 potions of degeneration
Books
 b - a book of Callings

   Spells                             Type                      Level
   a - Summon Small Mammal            Summoning                    1
   b - Call Imp                       Summoning                    2
   c - Call Canine Familiar           Summoning                    3
   d - Summon Guardian Golem          Hexes/Summoning              3
   e - Summon Lightning Spire         Summoning/Air                4
   f - Summon Ice Beast               Ice/Summoning                4
Comestibles
 c - 4 rations


   Skills:
 + Level 4.1 Fighting
 * Level 2.3 Polearms
 - Level 2.1 Dodging
 - Level 1.7 Stealth
 + Level 4.6 Spellcasting
 * Level 8.0 Summonings
 - Level 3.4 Air Magic


You had 2 spell levels left.
You knew the following spells:

 Your Spells              Type           Power        Failure   Level  Hunger
a - Summon Small Mammal   Summ           ####         1%          1    None
b - Call Imp              Summ           ####....     1%          2    ##.....
c - Call Canine Familiar  Summ           ####....     1%          3    ###....
d - Summon Lightning Spi  Summ/Air       ###.....     16%         4    ####...
e - Summon Ice Beast      Ice/Summ       ###.....     32%         4    ####...


Dungeon Overview and Level Annotations

Branches:
Dungeon (6/15)             Temple (1/1) D:5

Altars:
Ashenzari
Cheibriados
Dithmenos
Elyvilon
Fedhas
Gozag
Hepliaklqana
Kikubaaqudgha
Makhleb
Nemelex Xobeh
Okawaru
Qazlal
Ru
Sif Muna
Uskayaw
Wu Jian
Xom
Yredelemnul
Zin

Shops:
D:4 :

Annotations:
D:4 Verendum's ghost, novice GrFi


Innate Abilities, Weirdness & Mutations

Shadows flee at your approach. (+LOS)
You can swim through water.
You cover ground slowly.
You can hop short distances.


Message History

Unknown command.
Casting: Call Canine Familiar
Confirm with . or Enter, or press ? or * to list all spells.
You don't have enough magic to cast that spell.
Unknown command.
Casting: Call Canine Familiar
Confirm with . or Enter, or press ? or * to list all spells.
You don't have enough magic to cast that spell.
Unknown command.
The orc warrior completely misses you.
You see here a chain mail.
Casting: Call Canine Familiar
Confirm with . or Enter, or press ? or * to list all spells.
The orc warrior hits you with a hand axe!
* * * LOW HITPOINT WARNING * * *
Unknown command.
You fade into invisibility!
The orc warrior hits you with a hand axe!!
You die...
Your body crumbles into a pile of gold.

#......#.##.......# #..)(<..
#####.......##.......# #.......
#.......#.......)....# #.......
#.......+.......####.# #.......
#.......###.......##.# #.......
######............##.####.......
#.....###.......##............
#.....# ##......##.##.........
#.....# #...h@..#####.........
#.....# #.###o..#..........###
#.....# #.# #.####.####....###
#.....# #.###.####......##....
#.....###.#....#......(....(($
#.....#......).#.######.###...
#.....#.##.....#.##.....##....
#.......##..)..'.##.######....
#.....####.....####.....##....


You could see an orc warrior and a friendly hound.

Vanquished Creatures
  A sky beast (D:6)
  A phantom (D:6)
  A bullfrog (D:6)
  A hound (D:4)
  An orc priest (D:6)
  A bullfrog skeleton (D:4)
  An orc wizard (D:4)
  2 worker ants
  2 adders
  An ooze (D:3)
  An adder skeleton (D:5)
  A dart slug (D:4)
  2 leopard geckos
  2 orcs
  A giant cockroach (D:2)
  A hobgoblin (D:2)
  A jackal (D:6)
  A quokka (D:5)
  3 bats
  A quokka skeleton (D:6)
26 creatures vanquished.

Vanquished Creatures (collateral kills)
  Menkaure (D:5)
  An orc warrior (D:6)
  2 ogres
  A centaur (D:6)
  6 orc priests
  A worker ant (D:3)
  4 orc wizards
  A killer bee zombie (D:6)
  3 gnolls (D:2)
  4 adders
  An adder skeleton (D:3)
  3 worms
  A leopard gecko (D:2)
  20 orcs
  A giant cockroach (D:4)
  7 goblins
  9 hobgoblins
  8 jackals
  5 kobolds
  2 quokkas
  A ball python (D:1)
  4 bats
  3 frilled lizards (D:3)
  6 rats
  A spectral orc (D:3)
96 creatures vanquished.

Grand Total: 122 creatures vanquished

Notes
Turn   | Place    | Note
-------+----------+-------------------------------------------
     0 | D:1      | vatarom the Barachi Summoner began the quest for the Orb.
     0 | D:1      | Reached XP level 1. HP: 13/13 MP: 3/3
   387 | D:1      | You fall through a shaft!
   667 | D:1      | Reached skill level 5 in Summonings
   946 | D:1      | Reached XP level 2. HP: 19/20 MP: 5/5
  1352 | D:2      | Noticed an ogre
  1428 | D:2      | Learned a level 2 spell: Call Imp
  1459 | D:2      | Reached skill level 1 in Fighting
  1518 | D:2      | Reached XP level 3. HP: 13/26 MP: 2/7
  1614 | D:2      | Learned a level 3 spell: Call Canine Familiar
  1899 | D:2      | Killed an ogre
  1899 | D:2      | Reached XP level 4. HP: 33/33 MP: 2/8
  2605 | D:3      | Reached skill level 6 in Summonings
  2640 | D:3      | Learned a level 4 spell: Summon Lightning Spire
  2723 | D:3      | Reached XP level 5. HP: 38/38 MP: 10/10
  3076 | D:3      | Found an opulent altar of Gozag.
  3221 | D:3      | Found a basalt altar of Yredelemnul.
  3291 | D:4      | Reached skill level 1 in Air Magic
  3416 | D:4      | Noticed Verendum's ghost (novice GrFi)
  3564 | D:4      | Found Leheneest's Book Emporium.
  3715 | D:4      | Found an ancient bone altar of Kikubaaqudgha.
  3898 | D:3      | Became a worshipper of Gozag Ym Sagoz the Greedy
  4083 | D:4      | Reached XP level 6. HP: 21/46 MP: 7/11
  4734 | D:4      | Found a shattered altar of Ashenzari.
  4739 | D:4      | Found a burning altar of Makhleb.
  4740 | D:4      | Found an iron altar of Okawaru.
  4740 | D:4      | Found a sacrificial altar of Ru.
  4872 | D:4      | Reached skill level 7 in Summonings
  5062 | D:5      | Entered Level 5 of the Dungeon
  5091 | D:5      | Found a staircase to the Ecumenical Temple.
  5107 | Temple   | Entered the Ecumenical Temple
  5689 | D:5      | Noticed Menkaure
  5701 | D:5      | Killed Menkaure
  5701 | D:5      | Reached XP level 7. HP: 16/52 MP: 6/13
  5849 | D:5      | Learned a level 4 spell: Summon Ice Beast
  6544 | D:6      | Reached skill level 1 in Polearms
  6939 | D:6      | Reached skill level 8 in Summonings
  6939 | D:6      | Reached XP level 8. HP: 60/60 MP: 6/14
  7066 | D:6      | HP: 1/60 [orc warrior/hand axe (17)]
  7067 | D:6      | Demolished by an orc warrior

Skill      XL: |  1  2  3  4  5  6  7 |
---------------+----------------------+-----
Summonings     | 5 6 7 8 |  8.0
Fighting       | 1 2 3 4 |  4.1
Spellcasting   | 3 4 |  4.6
Air Magic      | 1 3 |  3.4
Polearms       | 2 |  2.3
Dodging        | |  2.1
Stealth        | |  1.7

Action                   |  1- 3 |  4- 6 |  7- 9 || total
-------------------------+-------+-------+-------++-------
Melee: Unarmed           |    51 |       |       ||    51
       Short sword       |    15 |    63 |       ||    78
       Spear             |       |    15 |    96 ||   111
 Cast: Summon Small Mamm |    18 |       |       ||    18
       Call Imp          |    10 |    32 |     7 ||    49
       Call Canine Famil |     4 |    24 |    10 ||    38
       Summon Lightning  |       |     8 |     8 ||    16
 Abil: Hop               |     1 |     4 |     2 ||     7
Evoke: Wand              |       |       |     6 ||     6
  Use: Scroll            |     1 |     8 |       ||     9
       Potion            |       |     4 |     3 ||     7
 Stab: Sleeping          |     1 |     4 |       ||     5
       Distracted        |       |       |     2 ||     2
  Eat: Chunk             |     1 |     5 |       ||     6
       Ration            |     1 |     4 |     2 ||     7
Armor: Robe              |    37 |    12 |    14 ||    63
       Skin              |       |     5 |       ||     5
Dodge: Dodged            |    78 |    85 |    65 ||   228
